 Dungeon Crawl Stone Soup version 0.27.1-3-gb3d3a73c9e (webtiles) character file.

Game seed: 10851480415052661022

59 Crownlay the Skirmisher (level 3, -1/34 HPs)
             Began as a Minotaur Fighter on Oct 24, 2021.
             Slain by an iguana (9 damage)
             ... on level 4 of the Dungeon.
             The game lasted 00:01:11 (1285 turns).

Crownlay the Skirmisher (Minotaur Fighter)          Turns: 1285, Time: 00:01:11

Health: -1/34      AC:  6    Str: 21    XL:     3   Next: 78%
Magic:  2/2        EV:  9    Int:  5    God:
Gold:   62         SH:  0    Dex:  9    Spells: 2/2 levels left

rFire    . . .     SeeInvis .   a - +0 long sword
rCold    . . .     Faith    .   (no shield)
rNeg     . . .     Spirit   .   b - +0 scale mail
rPois    .         Reflect  .   (helmet restricted)
rElec    .         Harm     .   (no cloak)
rCorr    .         Rampage  .   (no gloves)
Will     .....                  (no boots)
Stlth    ..........             (no amulet)
HPRegen  0.11/turn              (no ring)
MPRegen  0.08/turn              (no ring)

@: no status effects
A: horns 2, retaliatory headbutt
a: no special abilities


You were on level 4 of the Dungeon.
You visited 1 branch of the dungeon, and saw 3 of its levels.

You collected 62 gold pieces.

Inventory:

Hand Weapons
 a - a +0 long sword (weapon)
Armour
 b - a +0 scale mail (worn)
 c - a +0 kite shield
Scrolls
 e - 2 scrolls of identify {unknown}
 g - a scroll of magic mapping {unknown}
 i - a scroll of blinking {unknown}
Potions
 d - a potion of might
 f - a potion of degeneration {unknown}
 h - a potion of curing {unknown}
 j - a potion of attraction {unknown}
 k - 2 potions of heal wounds {unknown}


   Skills:
 + Level 4.4 Fighting
 * Level 4.4 Long Blades
 - Level 3.6 Armour
 - Level 3.6 Shields


You had 2 spell levels left.
You didn't know any spells.
Your spell library was empty.

Dungeon Overview and Level Annotations

Branches:
Dungeon (2/15)

Altars:


Innate Abilities, Weirdness & Mutations

You have a pair of horns on your head.
You reflexively headbutt those who attack you in melee.


Message History

Found a leather armour and 2 glowing blue potions.
j - a fuming grey potion
Found 15 gold pieces.
No target in view!
No target in view!
No target in view!
Found 11 gold pieces.
Found 16 gold pieces.
k - 2 glowing blue potions You now have 62 gold pieces (gained 15).
You fall into a shaft and drop 2 floors!
The shaft crumbles and collapses.
An iguana and a skeleton come into view.
The iguana hisses angrily.
Found 21 stones and a brown potion.
You slash the iguana!
The iguana is heavily wounded.
The iguana bites you.
You hit the iguana but do no damage.
The iguana is heavily wounded.
The iguana bites you!
You hit the iguana but do no damage.
The iguana is heavily wounded.
The iguana bites you!
* * * LOW HITPOINT WARNING * * *
You are too injured to fight recklessly!
You are too injured to fight recklessly!
You are too injured to fight recklessly!
You are too injured to fight recklessly!
You are too injured to fight recklessly!
You are too injured to fight recklessly!
You hit the iguana but do no damage.
The iguana is heavily wounded.
The quokka skeleton bites you but does no damage.
The iguana closely misses you.
Your scale mail prevents you from hitting the iguana.
The iguana is heavily wounded.
The quokka skeleton bites you but does no damage.
The iguana bites you!
You die...

. #####....
#@......(
#...lZ....!.
...............
..............#
.........######
..######## .


You could see an iguana and a quokka skeleton.

Vanquished Creatures
  A gnoll (D:1)
  An adder (D:2)
  A dart slug (D:1)
  4 bats
  An endoplasm (D:1)
  A giant cockroach (D:2)
  2 goblins (D:2)
  3 hobgoblins (D:1)
  7 jackals (D:1)
  2 quokkas
  2 ball pythons (D:1)
  2 frilled lizards (D:1)
  6 kobolds
  3 rats
36 creatures vanquished.

Notes
Turn   | Place    | Note
-------+----------+-------------------------------------------
     0 | D:1      | Crownlay the Minotaur Fighter began the quest for the Orb.
     0 | D:1      | Reached XP level 1. HP: 19/19 MP: 0/0
   108 | D:1      | Reached XP level 2. HP: 27/27 MP: 1/1
   365 | D:1      | HP: 1/27 [gnoll (5)]
   657 | D:1      | Reached XP level 3. HP: 29/33 MP: 2/2
  1280 | D:2      | You fall into a shaft and drop 2 floors!
  1285 | D:4      | Slain by an iguana

Illustrated notes

Levels and vault maps discovered:
D:1:      lightli_iron_boxes, layout_loops_ring
D:2:      layout_basic, eino_tiny_chamber
D:4:      layout_layer_cave, mainiacjoe_overflow_concentric_impassable,
          minmay_temple_entry_junction, kennysheep_cluttered_room

Skill      XL: |  1  2  3 |
---------------+----------+-----
Long Blades    | 3 4 |  4.4
Fighting       | 4 |  4.4
Armour         | |  3.6
Shields        | |  3.6

Action                   || total
-------------------------++-------
Melee: Long sword        ||    64
       Headbutt          ||     8
Armor: Scale mail        ||    45
Dodge: Dodged            ||    46
       Rpst.: Long sword ||    12
